 Dungeon Crawl Stone Soup version 0.18-a0-721-g8fc53f4 (webtiles) character file.

149 Raultor the Slasher (level 5, -5/38 HPs)
             Began as a Vampire Gladiator on Dec 8, 2015.
             Killed by nerve-wracking pain
             ... invoked by Grinder
              (9 damage)
             ... on level 3 of the Dungeon.
             The game lasted 00:09:14 (2955 turns).

Raultor the Slasher (Vampire Gladiator)             Turns: 2955, Time: 00:09:14

Health: -5/38      AC:  4    Str: 19    XL:     5   Next: 9%
Magic:  5/5        EV: 14    Int: 10    God:
Gold:   150        SH:  0    Dex: 16    Spells: 0 memorised, 4 levels left

rFire  . . .     SeeInvis +     o - +0 scimitar
rCold  . . .     Clarity  .     b - +0 leather armour
rNeg   . . .     SustAt   +     (no shield)
rPois  .         Gourm    .     c - +0 helmet
rElec  .         Spirit   .     (no cloak)
rCorr  .         Dismiss  .     (no gloves)
rMut   .         Stasis   .     (no boots)
MR     .....                    (no amulet)
Stlth  +.........               (no ring)
                                g - ring of sustain attributes (curse)

@: mighty, regenerating very quickly, not resistant to hostile enchantments,
very unstealthy
A: fangs 3, see invisible, unbreathing
a: no special abilities


You were on level 3 of the Dungeon.
You were almost alive.

You visited 1 branch of the dungeon, and saw 3 of its levels.

You collected 150 gold pieces.

Inventory:

Hand Weapons
 a - a +0 long sword
 m - a +0 dagger of draining
   (You found it on level 2 of the Dungeon)
 n - a +0 dagger of venom
   (You took it off a goblin on level 1 of the Dungeon)
 o - a +0 scimitar (weapon)
   (You found it on level 2 of the Dungeon)
Missiles
 d - 3 throwing nets {=f, !d}
Armour
 b - a +0 leather armour (worn)
 c - a +0 helmet (worn)
Jewellery
 g - a cursed ring of sustain attributes (left hand)
   (You found it on level 1 of the Dungeon)
Scrolls
 f - a scroll of fear {unknown}
 i - a scroll of amnesia {unknown}
 j - 3 scrolls of identify {unknown}
 k - a scroll of teleportation {unknown}
 s - a scroll of blinking {unknown}
Potions
 e - 14 potions of blood {@q1}
 h - a potion of agility {unknown}
 l - 4 potions of poison {unknown}
 p - a potion of flight {unknown}
 q - a potion of curing
 r - 2 potions of might
 t - a potion of cure mutation {unknown}
 u - a potion of lignification {unknown}


   Skills:
 + Level 2.2 Fighting
 * Level 4.4 Long Blades
 - Level 1.5 Throwing
 + Level 1.6 Armour
 + Level 4.1 Dodging


You had 4 spell levels left.
You didn't know any spells.

Dungeon Overview and Level Annotations

Branches:
Dungeon (3/15)

Altars:
Yredelemnul

Annotations:
D:3 Grinder


Innate Abilities, Weirdness & Mutations

Your natural rate of healing is extremely fast.
You have razor-sharp teeth.
You have supernaturally acute eyesight.
You can survive without breathing.


Message History

e - 20 potions of blood {@q1} (gained 1)
Items here: ( )) † an uncursed club; an uncursed blowgun; 7 poisoned needles; a kobold corpse You feel sick.
You take 2 damage, and have 20/38 hp.
You bottle the corpse's blood.
You feel sick.
e - 21 potions of blood {@q1} (gained 1)
Things that are here:
an uncursed club; an uncursed blowgun; 7 poisoned needles You take 1 damage, and have 19/38 hp.
You start resting.
You feel sick.
You feel sick. x8
You are no longer poisoned.
You take 6 damage, and have 13/38 hp.
You start resting.
Grinder comes into view.
You regained 10 hp, and now have 23/38 hp.
Grinder shouts!
Grinder gestures at you.
You suddenly lose the ability to move!
Grinder says, "Don't move a muscle."
Grinder gestures at you.
You shrug off the repeated paralysis!
You can move again.
Drink which item? (? for menu, Esc to quit)
Yummy - fresh blood!
You slash Grinder! Grinder hits you but does no damage.
Grinder gestures.
Grinder blinks!
Drink which item? (? for menu, Esc to quit)
Yummy - fresh blood!
Drink which item? (? for menu, Esc to quit)
Yummy - fresh blood!
You open the door. Grinder gestures at you. Pain shoots through your body!
You take 8 damage, and have 17/38 hp.
MASSIVE DAMAGE!!
There is an open door here.
Grinder gestures at you.
You suddenly lose the ability to move!
Grinder gestures.
Grinder blinks!
You can move again.
Drink which item? (? for menu, Esc to quit)
Yummy - fresh blood!
Drink which item? (? for menu, Esc to quit)
Yummy - fresh blood!
Drink which item? (? for menu, Esc to quit)
Yummy - fresh blood!
Grinder gestures at you. You resist with significant effort.
Drink which item? (? for menu, Esc to quit)
Yummy - fresh blood!
Grinder rolls his eyes.
Grinder gestures.
Grinder blinks!
You closely miss Grinder. Grinder hits you but does no damage.
You closely miss Grinder. Grinder barely misses you.
A quokka comes into view.
You hit Grinder. Your bite misses Grinder. Grinder barely misses you.
You barely miss Grinder. You bite Grinder, but do no damage.
Grinder barely misses you. Grinder gestures at you.
You resist with significant effort.
You hit Grinder. The quokka bites you. Grinder gestures at you.
Pain shoots through your body!
You take 8 damage, and have 14/38 hp.
MASSIVE DAMAGE!!
You completely miss the quokka. The quokka closely misses you.
Grinder gestures at you.
You struggle to resist.
You hit the quokka. The quokka misses you. Grinder barely misses you.
The quokka bites you.
You take 1 damage, and have 14/38 hp.
You closely miss the quokka.
Grinder gestures.
Grinder blinks!
The quokka bites you but does no damage.
You completely miss the quokka.
The quokka bites you but does no damage.
Grinder gestures.
Grinder blinks!
The quokka barely misses you.
Grinder says, "FISH!"
You slash the quokka!
You kill the quokka!
You see here a quokka corpse.
You barely miss Grinder. Grinder hits you!
* * * LOW HITPOINT WARNING * * *
You writhe in agony.
* * * LOW HITPOINT WARNING * * *
You take 13 damage, and have 3/38 hp.
MASSIVE DAMAGE!!
Drink which item? (? for menu, Esc to quit)
It was a potion of might.
You feel very mighty all of a sudden. Grinder gestures at you.
Pain shoots through your body!
You die...

#.....(.# #. #...(.[.#
###########.
#########.((....####...........
.......).....).((...(##########
#....####.......####.##### #..
######'## #.....# # #.# #####.#
..#########5# #.....####
..........#@# #...##.<#
..#######.#'## #...#(..#
#......## +#...#(.##
#####.##....###....(#####
#.......................#
########.#####..........8.)....#
.......%......(................#
########.#############.....#####
#.# ##..#...#..##


You could see Grinder.

Vanquished Creatures
  Robin (D:1)
  3 adders
  A gnoll (D:1)
  An ooze (D:3)
  2 worms
  2 giant geckos (D:1)
  5 orcs (D:3)
  A ball python (D:3)
  3 bats
  4 giant cockroaches
  4 hobgoblins
  12 jackals
  A quokka (D:3)
  5 giant newts
  21 goblins
  8 kobolds
  9 rats
  A spectral orc (D:2)
84 creatures vanquished.

Notes
Turn   | Place    | Note
--------------------------------------------------------------
     0 | D:1      | Raultor the Vampire Gladiator began the quest for the Orb.
     0 | D:1      | Reached XP level 1. HP: 16/16 MP: 1/1
   109 | D:1      | Reached XP level 2. HP: 20/22 MP: 2/2
   328 | D:1      | Reached skill level 1 in Armour
   632 | D:1      | Reached skill level 2 in Fighting
   632 | D:1      | Reached XP level 3. HP: 22/27 MP: 3/3
  1219 | D:2      | Noticed Robin
  1248 | D:1      | Killed Robin
  1248 | D:1      | Reached skill level 4 in Dodging
  1248 | D:1      | Reached XP level 4. HP: 14/33 MP: 4/4
  1580 | D:2      | Reached skill level 4 in Long Blades
  2005 | D:2      | Found a basalt altar of Yredelemnul.
  2485 | D:3      | Reached XP level 5. HP: 38/38 MP: 5/5
  2911 | D:3      | Noticed Grinder
  2916 | D:3      | Paralysed by Grinder for 7 turns
  2930 | D:3      | Paralysed by Grinder for 3 turns
  2954 | D:3      | HP: 9/38 [Grinder (7)]
  2954 | D:3      | HP: 3/38 [Grinder (6)]
  2955 | D:3      | Killed from afar by Grinder

Vault maps used:
D:1:      grunt_arrival_crossed_arrows, minmay_box_of_dots
D:2:      wad_crossroads, yredelemnul_forgotten_temple_becter, uniq_robin
D:3:      first_bread, ecumenical_altar_1, grunt_ministairs_6, uniq_grinder

Action                   |  1- 3 |  4- 6 || total
-------------------------+-------+-------++-------
Melee: Long sword        |   140 |       ||   140
       Scimitar          |    13 |   113 ||   126
  Use: Potion            |       |     9 ||     9
 Stab: Distracted        |       |     1 ||     1
       Sleeping          |       |     1 ||     1
  Eat: Corpse            |    11 |     2 ||    13

Vault maps used:
D:1:      grunt_arrival_crossed_arrows, minmay_box_of_dots
D:2:      wad_crossroads, yredelemnul_forgotten_temple_becter, uniq_robin
D:3:      first_bread, ecumenical_altar_1, grunt_ministairs_6, uniq_grinder

Table legend:
 A = Turns spent in this place as a percentage of turns spent in the entire game.
 B = Non-inter-level travel turns spent in this place as a percentage of non-inter-level travel turns spent in the entire game.
 C = Inter-level travel turns spent in this place as a percentage of turns spent in this place.
 D = Turns resting spent in this place as a percentage of non-inter-level travel turns spent in this place.
 E = Turns spent auto-exploring this place as a percentage of non-inter-level travel turns spent in this place.
 F = Non-inter-level travel turns spent in this place divided by the number of levels of this place that you've seen.
                   A       B       C       D       E      F
               +-------+-------+-------+-------+-------+----------------------
         Total | 100.0 | 100.0 |   0.8 |   3.1 |   9.2 | 255.0
       Dungeon | 100.0 | 100.0 |   0.8 |   3.1 |   9.2 | 255.0
               +-------+-------+-------+-------+-------+----------------------

Table legend:
 A = Kills in this place as a percentage of kills in entire the game.
 B = Kills by you in this place as a percentage of kills by you in the entire game.
 C = Kills by friends in this place as a percentage of kills by friends in the entire game.
 D = Other kills in this place as a percentage of other kills in the entire game.
 E = Experience gained in this place as a percentage of experience gained in the entire game.
 F = Experience gained in this place divided by the number of levels of this place that you have seen.
                   A       B       C       D       E      F
               +-------+-------+-------+-------+-------+----------------------
         Total | 100.0 | 100.0 |  -nan |  -nan | 100.0 |  71.3
       Dungeon | 100.0 | 100.0 |  -nan |  -nan | 100.0 |  71.3
               +-------+-------+-------+-------+-------+----------------------
